 Dungeon Crawl Stone Soup version 0.21-a0-440-g28109cb (webtiles) character file.

46 theanonym the Skirmisher (level 3, -4/34 HPs)
             Began as a Naga Fighter on Nov 10, 2017.
             Slain by a gnoll
             ... wielding a +0 club
              (10 damage)
             ... on level 3 of the Dungeon.
             The game lasted 00:02:20 (2107 turns).

theanonym the Skirmisher (Naga Fighter)             Turns: 2107, Time: 00:02:21

Health: -4/34      AC:  4    Str: 19    XL:     3   Next: 66%
Magic:  3/3        EV:  7    Int:  8    God:
Gold:   96         SH:  4    Dex: 10    Spells: 2/2 levels left

rFire    . . .     SeeInvis +   a - +0 trident
rCold    . . .     Gourm    .   n - +0 buckler (curse)
rNeg     . . .     Faith    .   b - +0 scale mail
rPois    +         Spirit   .   (no helmet)
rElec    .         Reflect  .   (no cloak)
rCorr    .         Harm     .   (no gloves)
MR       .....                  (no barding)
Stlth    ..........             (no amulet)
HPRegen  0.11/turn              (no ring)
MPRegen  0.08/turn              (no ring)

@: very slow
A: see invisible, deformed body, poison resistance, slowness 2, slow metabolism
1, spit poison 1, AC +1
a: Spit Poison


Innate Abilities, Weirdness & Mutations

You cannot wear boots.
Your serpentine skin is tough. (AC +1)
You have supernaturally acute eyesight. (SInv)
Armour fits poorly on your strangely shaped body.
Your system is resistant to poisons. (rPois)
You cover ground very slowly.
You have a slow metabolism.
You can spit poison.


   Skills:
 + Level 3.5 Fighting
 * Level 3.4 Polearms
 - Level 2.4 Armour
 - Level 2.4 Shields


You had 2 spell levels left.
You didn't know any spells.

Skill      XL: |  1  2 |
---------------+-------+-----
Polearms       | 3 |  3.4
Fighting       | |  3.5
Armour         | |  2.4
Shields        | |  2.4

Action                   || total
-------------------------++-------
Melee: Trident           ||   144
  Eat: Chunk             ||     3
Armor: Scale mail        ||    61
Dodge: Dodged            ||    29
Block: Shield            ||    35
       Buckler           ||     8

Inventory:

Hand Weapons
 a - a +0 trident (weapon)
Armour
 b - a +0 scale mail (worn)
 c - a +0 shield
 n - a cursed +0 buckler (worn)
   (You found it on level 1 of the Dungeon)
Wands
 q - a wand of confusion (24/48)
   (You found it on level 2 of the Dungeon)
Scrolls
 e - a scroll of recharging {unknown}
 h - a scroll of enchant armour {unknown}
 i - a scroll of magic mapping {unknown}
 j - 2 scrolls of remove curse {unknown}
 l - 3 scrolls of enchant weapon {unknown}
Potions
 d - a potion of might
 k - a potion of resistance {unknown}
 m - a potion of curing {unknown}
 o - a potion of flight {unknown}
 p - a potion of agility {unknown}
 s - a potion of degeneration {unknown}
Comestibles
 f - 2 bread rations
 g - 3 meat rations

Dungeon Overview and Level Annotations

Branches:
Dungeon (3/15)

Altars:
Dithmenos
Trog


You were on level 3 of the Dungeon.
You were not hungry.

You visited 1 branch of the dungeon, and saw 3 of its levels.

You collected 96 gold pieces.


Message History

You now have 96 gold pieces (gained 11).
j - 2 scrolls labeled IPHOGE SURCH (gained 1)
Found a leather armour.
Health restored: 34 A bat comes into view.
A bat is nearby!
A bat is nearby!
The bat barely misses you.
Attack whom?
Aim: a bat You reach to attack!
You barely miss the bat. The bat hits you but does no damage.
You barely miss the bat. You block the bat's attack. The bat hits you.
The bat hits you but does no damage.
You take 1 damage, and have 33/34 hp.
You closely miss the bat. The bat hits you but does no damage.
Attack whom?
Aim: a bat You reach to attack!
You barely miss the bat. The bat hits you but does no damage.
Attack whom?
Aim: a bat You reach to attack!
You completely miss the bat. The bat hits you but does no damage.
You block the bat's attack.
A bat is nearby!
You barely miss the bat. The bat hits you but does no damage. x2
You barely miss the bat. The bat hits you but does no damage.
Attack whom?
Aim: a bat You reach to attack!
You miss the bat. You block the bat's attack.
Health restored: 34 Attack whom?
Aim: a bat You reach to attack!
You puncture the bat!
You kill the bat!
No target in view!
No target in view!
You butcher the bat corpse.
r - a chunk of flesh A dart slug comes into view.
The dart slug launches a dart at you. The slug dart hits you!
You see here a scroll labeled YSERUPL ERROBE.
A dart slug is nearby!
A dart slug is nearby!
A dart slug is nearby!
The dart slug launches a dart at you. The slug dart hits you!
Found a leather armour.
You take 3 damage, and have 31/34 hp.
Attack whom?
Aim: a dart slug (clinging)
You reach to attack!
You hit the dart slug. The dart slug launches a dart at you.
The slug dart misses you.
Attack whom?
Aim: a dart slug (heavily wounded, clinging)
You reach to attack!
You puncture the dart slug!
You kill the dart slug!
No target in view!
No target in view!
No target in view!
l - 3 scrolls labeled YSERUPL ERROBE (gained 1)
s - a white potion Health restored: 34 Eating a chunk of flesh.
You eat the chunk of flesh.
Key pressed, stopping explore.
There is a stone staircase leading up here.
There is an open door here.
Things that are here:
a club; 18 stones Done exploring.
Done exploring.
Done exploring.
Done exploring.
Things that are here:
a club; 18 stones
There is an open door here.
There is an escape hatch in the floor here.
There is a stone staircase leading down here.
Done exploring.
You climb downwards. 3 gnolls come into view.
A gnoll is wielding a whip of electrocution.
The gnoll shouts!
Found 11 gold pieces and 24 arrows.
There is a stone staircase leading up here.
Unknown command.
Attack whom?
Aim: a gnoll, wielding a whip of electrocution You reach to attack!
You hit the gnoll but do no damage. You puncture the gnoll!
The gnoll hits you with a whip of electrocution.
You are electrocuted!
Ouch! That really hurt!
* * * LOW HITPOINT WARNING * * *
You take 23 damage, and have 11/34 hp.
MASSIVE DAMAGE!!
The gnoll hits you with a whip of electrocution.
* * * LOW HITPOINT WARNING * * *
The gnoll hits you with a club!
You die...

.. ..
..#######.
#........
#.......
#.......
##......#
...$..g.#
#.....g@#
......g.....#
............#
............#
...#+#......#
.. #......# .
#(......
##.......


You could see 3 gnolls.

Notes
Turn   | Place    | Note
-------+----------+-------------------------------------------
     0 | D:1      | theanonym the Naga Fighter began the quest for the Orb.
     0 | D:1      | Reached XP level 1. HP: 21/21 MP: 1/1
   336 | D:1      | Reached XP level 2. HP: 28/28 MP: 2/2
   872 | D:1      | Reached skill level 3 in Polearms
   929 | D:1      | Reached XP level 3. HP: 34/34 MP: 3/3
  1354 | D:2      | Found a faded altar of an unknown god.
  1506 | D:2      | Found a shadowy altar of Dithmenos.
  1506 | D:2      | Found a bloodstained altar of Trog.
  2101 | D:2      | theanonym: !lg * nafi -log urune=15
  2101 | D:2      | beem: 105. Carbisari, XL27 NaFi, T:101751: http://crawl.berotato.org/crawl/morgue/Carbisari/morgue-Carbisari-20171110-015736.txt
  2106 | D:3      | HP: 11/34 [gnoll/whip of electrocution (18)]
  2107 | D:3      | Slain by a gnoll

Vanquished Creatures
  An adder (D:2)
  2 dart slugs (D:2)
  A giant cockroach (D:1)
  A goblin (D:1)
  4 hobgoblins
  4 jackals (D:1)
  A quokka (D:2)
  2 ball pythons (D:1)
  3 bats
  2 frilled lizards (D:1)
  7 kobolds
  6 rats
34 creatures vanquished.
